 Dungeon Crawl Stone Soup version 0.32-a0-468-g38b2580584 (webtiles) character file.

Game seed: 413420241341234123

468 gimp the Apothecary (level 7, -1/41 HPs)
             Began as an Octopode Alchemist on Feb 24, 2024.
             Was a Follower of Sif Muna.
             Slain by an ogre
             ... wielding a +0 giant spiked club
              (16 damage)
             ... on level 4 of the Dungeon.
             The game lasted 00:05:46 (4563 turns).

gimp the Apothecary (Octopode Alchemist)            Turns: 4563, Time: 00:05:47

Health: -1/41      AC:  1    Str:  8    XL:     7   Next: 8%
Magic:  1/13       EV: 13    Int: 19    God:    Sif Muna [*.....]
Gold:   219        SH:  0    Dex: 12    Spells: 4/14 levels left

rFire   . . .        a - +2 dagger (venom)
rCold   . . .        (no shield)
rNeg    . . .        (helmet restricted)
rPois   .            (no amulet)
rElec   .            h - ring of resist corrosion
rCorr   +            (no ring)
SInv    .            (no ring)
Will    .....        (no ring)
Stlth   +++          (no ring)
HPRegen 0.26/turn    (no ring)
MPRegen 0.13/turn    (no ring)
                     (no ring)

%: no passive effects
@: very slightly contaminated
A: almost no armour, amphibious, 8 rings, camouflage 1, gelatinous body 1,
(nimble swimmer 1), tentacles
a: Renounce Religion, Channel Magic


You were on level 4 of the Dungeon.
You worshipped Sif Muna.
Sif Muna was aware of your devotion.
You visited 2 branches of the dungeon, and saw 5 of its levels.

You collected 219 gold pieces.

Inventory:

Hand Weapons
 a - a +2 dagger of venom (weapon)
Missiles
 l - 2 poisoned darts
Jewellery
 f - an amulet of guardian spirit
 h - a ring of resist corrosion (left tentacle)
Wands
 r - a wand of mindburst (21)
 v - a wand of flame (12)
Scrolls
 c - 6 scrolls of identify {unknown}
 d - a scroll of enchant armour {unknown}
 g - a scroll of teleportation {unknown}
 i - a scroll of amnesia {unknown}
 j - a scroll of fear {unknown}
 m - a scroll of vulnerability {unknown}
 n - a scroll of acquirement {unknown}
 o - a scroll of poison {unknown}
 p - a scroll of blinking {unknown}
 t - a scroll of fog {unknown}
 u - a scroll of noise {unknown}
 x - a scroll of revelation {unknown}
Potions
 b - 2 potions of magic
 e - a potion of cancellation {unknown}
 k - a potion of attraction {unknown}
 q - a potion of resistance {unknown}
 s - a potion of curing {unknown}
 w - a potion of invisibility {unknown}


   Skills:
 - Level 2.0 Dodging
 - Level 2.6 Stealth
 * Level 4.0 Spellcasting
 * Level 3.7 Conjurations
 + Level 2.4 Air Magic
 * Level 5.2 Alchemy


You had 4 spell levels left.
You knew the following spells:

 Your Spells              Type           Power      Damage    Failure   Level
a - Sting                 Conj/Alch      80%        1d8       2%          1
b - Mercury Vapours       Alch/Air       36%        N/A       4%          2
c - Mephitic Cloud        Conj/Alch/Air  18%        N/A       9%          3
d - Sticky Flame          Fire/Alch      13%        2d5       43%         4

Your spell library contained the following spells:

 Spells                   Type           Power      Damage    Failure   Level
 Freeze                   Ice            12%        1d3       14%         1
 Olgreb's Toxic Radiance  Alch           23%        N/A       16%         4
 Hailstorm                Conj/Ice       10%        3d6       19%         3
 Frozen Ramparts          Ice            6%         1d1       38%         3


Dungeon Overview and Level Annotations

Branches:
Dungeon (4/15)             Temple (1/1) D:4

Altars:
Ashenzari
Cheibriados
Dithmenos
Elyvilon
Gozag
Kikubaaqudgha
Nemelex Xobeh
Okawaru
Qazlal
Sif Muna
Trog
Uskayaw
Vehumet
Xom
Zin
The Shining One

Annotations:
D:4 1 exclusion, Dowan, Duvessa


Innate Abilities, Weirdness & Mutations

You cannot wear most types of armour.
You are amphibious.
You can wear up to eight rings at the same time.
Your skin changes colour to match your surroundings (Stealth+).
Your rubbery body absorbs attacks. (AC +1, EV +1)
((You are camouflaged when in or above water. (Stealth+)))
You have tentacles for arms and can constrict up to eight enemies at once.


Message History

You now have 5/11 mp.
Casting: Sting (safe; 2% risk of failure)
Confirm with . or Enter, or press ? or * to list all spells.
Aiming: Sting (safe; 2% risk of failure)
Press: ? - help, Shift-Dir - straight line, f/p - Edmund
Aim: Edmund, wielding a +3 dire flail and wearing a +0 scale mail (moderately wounded, confused, very poisoned, 94% to hit)
The sting hits Edmund but does no damage.
Edmund looks as sick as possible!
Edmund is moderately wounded.
You now have 4/11 mp.
Why would you want to do that?
Casting: Sting (safe; 2% risk of failure)
Confirm with . or Enter, or press ? or * to list all spells.
Aiming: Sting (safe; 2% risk of failure)
Press: ? - help, Shift-Dir - straight line, f/p - Edmund
Aim: Edmund, wielding a +3 dire flail and wearing a +0 scale mail (moderately wounded, confused, extremely poisoned, 94% to hit)
The sting hits Edmund but does no damage.
Edmund looks as sick as possible!
Edmund is moderately wounded.
You now have 3/11 mp.
Found a scroll labelled RUFFYA ZUKO.
Casting: Sting (safe; 2% risk of failure)
Confirm with . or Enter, or press ? or * to list all spells.
Aiming: Sting (safe; 2% risk of failure)
Press: ? - help, Shift-Dir - straight line, f/p - Edmund
Aim: Edmund, wielding a +3 dire flail and wearing a +0 scale mail (severely wounded, confused, very poisoned, 94% to hit)
The sting hits Edmund.
Edmund looks as sick as possible!
Edmund is almost dead.
You now have 3/11 mp.
x - a scroll labelled RUFFYA ZUKO
Found a flail.
Sif Muna accepts your kill.
You feel a bit more experienced.
Your Spellcasting skill increases to level 4!
Your Alchemy skill increases to level 5!
You have reached level 7!
Health restored: 41 An ogre comes into view.
It is wielding a +0 giant spiked club.
Things that are here:
a +3 dire flail; a +0 scale mail; the human corpse of Edmund An ogre is nearby!
You regained 3 mp, and now have 8/13 mp.
Casting: Sting (safe; 2% risk of failure)
Confirm with . or Enter, or press ? or * to list all spells.
You can't see any susceptible monsters within range! (Use Z to cast anyway.) Unknown command.
Casting: Sting (safe; 2% risk of failure)
Confirm with . or Enter, or press ? or * to list all spells.
Aiming: Mephitic Cloud (dangerous; 9% risk of failure)
Press: ? - help, Shift-Dir - straight line, f - ogre
Aim: an ogre, wielding a +0 giant spiked club (wandering, hasn't noticed you, chance to affect: 77%)
The ball explodes into a vile cloud!
The stinking cloud engulfs the ogre.
The ogre shouts!
The ogre is engulfed in noxious fumes.
The ogre appears confused.
You now have 5/13 mp.
Things that are here:
a +3 dire flail; a +0 scale mail; the human corpse of Edmund
Casting: Mephitic Cloud (dangerous; 9% risk of failure)
Confirm with . or Enter, or press ? or * to list all spells.
Aiming: Sting (safe; 2% risk of failure)
Press: ? - help, Shift-Dir - straight line, f/p - ogre
Aim: an ogre, wielding a +0 giant spiked club (confused, 98% to hit)
The sting hits the ogre.
The ogre is poisoned.
The ogre is moderately wounded.
The ogre misses you.
You now have 4/13 mp.
Casting: Sting (safe; 2% risk of failure)
Confirm with . or Enter, or press ? or * to list all spells.
Aiming: Sting (safe; 2% risk of failure)
Press: ? - help, Shift-Dir - straight line, f/p - ogre
Aim: an ogre, wielding a +0 giant spiked club (moderately wounded, confused, poisoned, 98% to hit)
The sting hits the ogre!
The ogre looks even sicker.
The ogre is heavily wounded.
You now have 3/13 mp.
Casting: Sting (safe; 2% risk of failure)
Confirm with . or Enter, or press ? or * to list all spells.
Aiming: Sting (safe; 2% risk of failure)
Press: ? - help, Shift-Dir - straight line, f/p - ogre
Aim: an ogre, wielding a +0 giant spiked club (heavily wounded, confused, very poisoned, 98% to hit)
The sting hits the ogre.
The ogre looks even sicker.
The ogre is severely wounded.
Casting: Sting (safe; 2% risk of failure)
Confirm with . or Enter, or press ? or * to list all spells.
Aiming: Sting (safe; 2% risk of failure)
Press: ? - help, Shift-Dir - straight line, f/p - ogre
Aim: an ogre, wielding a +0 giant spiked club (severely wounded, confused, very poisoned, 98% to hit)
You miscast Sting.
You are very lightly contaminated with residual magic.
Nothing appears to happen.
The ogre seems less confused.
The ogre hits you with a +0 giant spiked club!!
Ouch! That really hurt!
You take 27 damage, and have 14/41 hp.
MASSIVE DAMAGE!!
You now have 2/13 mp.
Casting: Sting (safe; 2% risk of failure)
Confirm with . or Enter, or press ? or * to list all spells.
Aiming: Sting (safe; 2% risk of failure)
Press: ? - help, Shift-Dir - straight line, f/p - ogre
Aim: an ogre, wielding a +0 giant spiked club (severely wounded, very poisoned, 89% to hit)
The sting misses the ogre.
The ogre hits you with a +0 giant spiked club!
You die...

..<...........≈...≈...§
#########.##.#.#.#.#.#.
#...≈...≈...§..
####.#.#.#.#§#.#.
#...§.○☼§...≈..
##.#.#.#§#.#.#.
#.≈...☼°..≈...
##§#.#O#.#.#.#
####.@###... #.## ...
#.# .## ###########.###
.# .)............#
..##########...# ......
...### ...#


You could see an ogre (very poisoned).

Vanquished Creatures
  Edmund (D:4)
  A bullfrog zombie (D:4)
  An orc priest (D:4)
  A bombardier beetle (D:4)
  A centaur skeleton (D:4)
  A human zombie (D:4)
  A sleepcap (D:4)
  An orc wizard (D:4)
  8 adders
  An adder zombie (D:4)
  2 dart slugs
  7 orcs
  9 endoplasms
  2 giant cockroaches
  7 goblins
  5 hobgoblins
  3 quokkas
  7 ball pythons
  3 bats
  2 frilled lizards (D:1)
  10 kobolds
  4 rats
78 creatures vanquished.

Notes
Turn   | Place    | Note
-------+----------+-------------------------------------------
     0 | D:1      | gimp the Octopode Alchemist began the quest for the Orb.
     0 | D:1      | Reached XP level 1. HP: 11/11 MP: 3/3
   326 | D:1      | Reached XP level 2. HP: 17/17 MP: 0/5
   410 | D:1      | Learned a level 2 spell: Mercury Vapours
  1218 | D:2      | Reached XP level 3. HP: 21/21 MP: 3/6
  1222 | D:2      | Learned a level 3 spell: Mephitic Cloud
  1261 | D:2      | Found a shimmering blue altar of Sif Muna.
  1273 | D:2      | Became a worshipper of Sif Muna the Loreminder
  1634 | D:2      | Reached skill level 1 in Air Magic
  1634 | D:2      | Reached XP level 4. HP: 27/27 MP: 5/8
  1841 | D:2      | Reached skill level 4 in Alchemy
  2520 | D:3      | Reached * piety under Sif Muna
  2659 | D:3      | Found a glowing silver altar of Zin.
  2764 | D:3      | Reached XP level 5. HP: 27/31 MP: 2/9
  3090 | D:3      | Learned a level 4 spell: Sticky Flame
  3526 | D:4      | Identified the +2 leather armour of Vaowoet {rF+ Str+3}
  3627 | D:4      | Found a staircase to the Ecumenical Temple.
  3633 | Temple   | Entered the Ecumenical Temple
  3667 | D:4      | Noticed Edmund
  3670 | D:4      | Noticed Dowan
  3676 | D:4      | Noticed Duvessa
  3848 | D:4      | Reached XP level 6. HP: 33/36 MP: 1/11
  4287 | D:4      | Found an ancient bone altar of Kikubaaqudgha.
  4525 | D:4      | Killed Edmund
  4526 | D:4      | Reached skill level 5 in Alchemy
  4526 | D:4      | Reached XP level 7. HP: 41/41 MP: 4/13
  4563 | D:4      | Slain by an ogre

Illustrated notes

Levels and vault maps discovered:
D:1:      scummos_arrival_simple_fountains, layout_loops_corners,
          glass_columns_a, minmay_misc_feat_ornament
D:2:      layout_loops_ring, basic_altar, minmay_3d_cube
D:3:      layout_loops_ring, amcnicky_altar_gilded,
          chequers_serial_rivers_small_a
D:4:      minmay_chambers_of_threes, layout_loops_ring,
          lemuel_mausoleum_altar_kikubaaqudgha, minmay_temple_entry_hall,
          serial_shops, kennysheep_mini, serial_library_hellmonk_angled_corner,
          kennysheep_crisscross, kennysheep_path_1, uniq_duvessa, uniq_edmund
Temple:   zaba_magenta_temple

Skill      XL: |  1  2  3  4  5  6 |
---------------+-------------------+-----
Conjurations   | 2 3 |  3.7
Air Magic      | 1 2 |  2.4
Alchemy        | 4 5 |  5.2
Spellcasting   | 3 4 |  4.0
Dodging        | |  2.0
Stealth        | |  2.6

Action                     |  1- 3 |  4- 6 |  7- 9 || total
---------------------------+-------+-------+-------++-------
  Melee: Dagger            |    12 |    45 |       ||    57
         Constrict         |     3 |    12 |       ||    15
         Tentacles         |     3 |    15 |       ||    18
   Cast: Sting             |    53 |    94 |     4 ||   151
         Mephitic Cloud    |       |     5 |     1 ||     6
   Stab: Sleeping          |       |     3 |       ||     3
 Armour: Skin              |    10 |    24 |     2 ||    36
  Dodge: Dodged            |    12 |    38 |     1 ||    51

Table legend: (Time is in decaauts)
 A = Elapsed time spent in this place.
 B = Non-inter-level travel time spent in this place.
 C = Inter-level travel time spent in this place.
 D = Time resting spent in this place.
 E = Time spent auto-exploring this place.
 F = Levels seen in this place.
 G = Mean time per level.
                   A        B        C        D        E       F      G
               +--------+--------+--------+--------+--------+-----+--------+
         Total |   4561 |   4381 |    180 |      0 |   3811 |   5 |  912.2 |
       Dungeon |   4559 |   4379 |    180 |      0 |   3811 |   4 | 1139.8 |
        Temple |      1 |      1 |      0 |      0 |      0 |   1 |    1.0 |
               +--------+--------+--------+--------+--------+-----+--------+

Top non-repeatable levels by time:
     D:2: 1262 daAuts
     D:1: 1199 daAuts
     D:4: 1049 daAuts
     D:3: 1048 daAuts
  Temple: 1 daAuts
